 Dungeon Crawl Stone Soup version 0.31.0-11-ge490571c62 (webtiles) character file.

Game seed: 12544968112374183032

569 Gobbopathe the Chopper (level 7, -2/60 HPs)
             Began as a Gnoll Cinder Acolyte on Feb 1, 2024.
             Was a High Priest of Ignis.
             Slain by an orc wizard
             ... wielding a +0 glaive
              (5 damage)
             ... on level 5 of the Dungeon.
             The game lasted 00:11:19 (3808 turns).

Gobbopathe the Chopper (Gnoll Cinder Acolyte)       Turns: 3808, Time: 00:11:19

Health: -2/60      AC:  7    Str: 15    XL:     7   Next: 33%
Magic:  12/12      EV: 10    Int: 14    God:    Ignis [*****.]
Gold:   60         SH:  5    Dex:  7    Spells: 11/13 levels left

rFire   + + .        a - -1 hand axe (flame)
rCold   . . .        (no shield)
rNeg    . . .        p - +1 ring mail {rF+}
rPois   .            (no helmet)
rElec   .            (no cloak)
rCorr   .            (no gloves)
SInv    .            c - +0 pair of boots
Will    +....        z - amulet of reflection
Stlth   +            (no ring)
HPRegen 0.30/turn    (no ring)
MPRegen 0.13/turn

%: reflection
@: mighty, enlightened, flying
A: fangs 1, strong nose, distributed training
a: Renounce Religion, Fiery Armour, Foxfire Swarm, Rising Flame


You were on level 5 of the Dungeon.
You worshipped Ignis.
Ignis was extremely pleased with you.
You visited 1 branch of the dungeon, and saw 5 of its levels.

You collected 195 gold pieces.
You spent 135 gold pieces at shops.

Inventory:

Hand Weapons
 a - a -1 hand axe of flaming (weapon)
 b - a +0 sling
Missiles
 e - 21 stones
 f - 10 boomerangs (quivered)
 j - 2 poisoned darts
 k - 3 javelins
Armour
 c - a +0 pair of boots (worn)
 p - a +1 ring mail of fire resistance (worn)
Jewellery
 z - an amulet of reflection (around neck)
Wands
 v - a wand of flame (19)
Scrolls
 i - 4 scrolls of immolation {unknown}
 o - a scroll of blinking {unknown}
 t - 3 scrolls of teleportation
 u - 2 scrolls of enchant weapon {unknown}
 x - a scroll of vulnerability {unknown}
 y - a scroll of revelation {unknown}
Potions
 g - 2 potions of mutation
 h - a potion of ambrosia {unknown}
 l - a potion of resistance {unknown}
 m - a potion of brilliance {unknown}
 n - a potion of enlightenment
 q - 2 potions of curing
 s - 2 potions of attraction
 w - 2 potions of invisibility


   Skills:
 + Level 7.0 Fighting
 + Level 2.5 Short Blades
 + Level 2.5 Long Blades
 + Level 7.0 Axes
 + Level 2.5 Maces & Flails
 + Level 2.5 Polearms
 + Level 2.5 Staves
 + Level 2.5 Ranged Weapons
 + Level 2.5 Throwing
 + Level 2.5 Armour
 + Level 2.5 Dodging
 + Level 2.5 Stealth
 + Level 2.5 Shields
 + Level 2.5 Unarmed Combat
 + Level 3.8 Spellcasting
 + Level 2.0 Conjurations
 + Level 2.0 Hexes
 + Level 2.0 Summonings
 + Level 2.0 Necromancy
 + Level 2.0 Translocations
 + Level 5.8 Fire Magic
 + Level 2.0 Ice Magic
 + Level 2.0 Air Magic
 + Level 2.0 Earth Magic
 + Level 2.0 Alchemy
 + Level 2.8 Invocations
 + Level 2.5 Evocations
 + Level 2.2 Shapeshifting


You had 11 spell levels left.
You knew the following spells:

 Your Spells              Type           Power      Damage    Failure   Level
a - Scorch                Fire           38%        2d6       4%          2

Your spell library contained the following spells:

 Spells                   Type           Power      Damage    Failure   Level
 Shock                    Conj/Air       32%        1d5       16%         1
 Ensorcelled Hibernation  Hex/Ice        16%        N/A       24%         2
 Passwall                 Erth           8%         N/A       43%         3
 Swiftness                Air            8%         N/A       43%         3
 Airstrike                Air            4%         2d(1-17)  85%         4


Dungeon Overview and Level Annotations

Branches:
Dungeon (5/15) Zot: 26198
 Temple: D:4-7

Altars:
Okawaru

Shops:
D:1 *

Annotations:
D:4 bande de wights a terminer


Innate Abilities, Weirdness & Mutations

You have very sharp teeth.
Your uncanny sense of smell can sniff out nearby items.
Your experience applies equally to all skills.


Message History

You miss something. You hit the orc but do no damage.
The orc barely misses you. Something hits you.
You closely miss something. You closely miss the orc.
The orc hits you with a +3 dagger.
You miss something. You hit the orc but do no damage. Something hits you!
You block the orc's attack.
You closely miss something. You closely miss the orc. Something hits you!
The orc hits you but does no damage.
You miss something. Your bite misses something.
You hit the orc but do no damage. Something hits you!
* * * LOW HITPOINT WARNING * * *
The orc hits you with a +3 dagger.
* * * LOW HITPOINT WARNING * * *
You closely miss something. You hit the orc. You burn the orc.
Something hits you but does no damage. The orc hits you but does no damage.
You miss something. You closely miss the orc.
Something hits you but does no damage. The orc barely misses you.
You closely miss something. You barely miss the orc. Something hits you.
* * * LOW HITPOINT WARNING * * *
The orc hits you with a +3 dagger.
* * * LOW HITPOINT WARNING * * *
You closely miss something. Your bite misses something.
You hit the orc but do no damage. Something hits you but does no damage.
The orc hits you with a +3 dagger.
* * * LOW HITPOINT WARNING * * *
You closely miss something. You hit the orc. You burn the orc.
You kill the orc!
Something hits you.
* * * LOW HITPOINT WARNING * * *
You closely miss something. Something hits you.
* * * LOW HITPOINT WARNING * * *
You feel better. Something hits you!
* * * LOW HITPOINT WARNING * * *
It was a potion of enlightenment.
You feel very buoyant.
You fly up into the air.
Something hits you but does no damage.
It was a potion of might.
You feel very mighty all of a sudden. Something hits you.
You die...

###......... ##...........
#.....o...... ##....(......
##...........)
#####...#.........
#..########..#)..###.......#
#............)### #....####
#######.<....{@## ..###
#.......).##..##
#........))..##
#............#
##...........# #...........#
#........_..# ##..........#
#.........##


There were no monsters in sight!

Vanquished Creatures
  A phantom (D:5)
  3 scorpions
  A hound (D:4)
  An orc priest (D:5)
  3 orc wizards
  10 adders
  A ribbon worm (D:1)
  18 orcs
  5 ball pythons
  9 bats
  7 endoplasms
  7 goblins
  7 hobgoblins
  4 jackals (D:2)
  4 quokkas
  2 frilled lizards (D:1)
  3 kobolds
  9 rats
95 creatures vanquished.

Notes
Turn   | Place    | Note
-------+----------+-------------------------------------------
     0 | D:1      | Gobbopathe the Gnoll Cinder Acolyte began the quest for the
                  | Orb.
     0 | D:1      | Reached XP level 1. HP: 23/23 MP: 4/4
   104 | D:1      | Reached XP level 2. HP: 11/29 MP: 5/5
   107 | D:1      | Learned a level 2 spell: Scorch
   195 | D:1      | Found a faded altar of an unknown god.
   199 | D:1      | You fall into a shaft and drop 1 floor!
   304 | D:2      | Reached skill level 1 in Invocations
   304 | D:2      | Reached XP level 3. HP: 22/35 MP: 7/7
   386 | D:2      | Reached skill level 1 in Short Blades
   386 | D:2      | Reached skill level 1 in Long Blades
   386 | D:2      | Reached skill level 1 in Maces & Flails
   386 | D:2      | Reached skill level 1 in Polearms
   386 | D:2      | Reached skill level 1 in Staves
   386 | D:2      | Reached skill level 1 in Ranged Weapons
   386 | D:2      | Reached skill level 1 in Throwing
   386 | D:2      | Reached skill level 1 in Armour
   386 | D:2      | Reached skill level 1 in Dodging
   386 | D:2      | Reached skill level 1 in Stealth
   386 | D:2      | Reached skill level 1 in Shields
   386 | D:2      | Reached skill level 1 in Unarmed Combat
   386 | D:2      | Reached skill level 1 in Evocations
   524 | D:1      | Reached skill level 1 in Shapeshifting
   524 | D:1      | Reached XP level 4. HP: 41/41 MP: 8/8
   817 | D:1      | Found Dose's Assorted Antiques.
   820 | D:1      | Bought an orange potion for 21 gold pieces
   820 | D:1      | Bought a coppery potion for 21 gold pieces
   820 | D:1      | Bought a cyan potion for 21 gold pieces
  1354 | D:2      | Reached skill level 1 in Conjurations
  1354 | D:2      | Reached skill level 1 in Hexes
  1354 | D:2      | Reached skill level 1 in Summonings
  1354 | D:2      | Reached skill level 1 in Necromancy
  1354 | D:2      | Reached skill level 1 in Translocations
  1354 | D:2      | Reached skill level 1 in Ice Magic
  1354 | D:2      | Reached skill level 1 in Air Magic
  1354 | D:2      | Reached skill level 1 in Earth Magic
  1354 | D:2      | Reached skill level 1 in Alchemy
  1871 | D:2      | Reached XP level 5. HP: 47/47 MP: 9/9
  2610 | D:3      | Reached XP level 6. HP: 53/53 MP: 11/11
  2829 | D:1      | Bought a scroll labelled LUTYWOOPRI for 24 gold pieces
  2829 | D:1      | Bought a scroll labelled LIVUNA REAT for 24 gold pieces
  2829 | D:1      | Bought a scroll labelled QUGEKENGUJ for 24 gold pieces
  3497 | D:5      | Entered Level 5 of the Dungeon
  3512 | D:5      | Found an iron altar of Okawaru.
  3522 | D:5      | Reached XP level 7. HP: 45/60 MP: 12/12
  3806 | D:5      | HP: 2/60 [something (10)]
  3808 | D:5      | Slain by an orc wizard

Illustrated notes

Levels and vault maps discovered:
D:1:      wander_arrival_peaceful_grave, layout_basic, serial_shops,
          nicolae_shop_behind_doors, hellmonk_ecumenical_altar_crossroads,
          nicolae_wormholes
D:2:      layout_loops_corners
D:3:      layout_rooms, nicolae_figureground_pulse
D:4:      layout_cave_pools
D:5:      layout_cave_pods, zin_treasury, overflow_temple_1_default,
          kennysheep_small_circle, uniq_ijyb

Skill      XL: |  1  2  3  4  5  6  7 |
---------------+----------------------+-----
Invocations    | 1 2 |  2.8
Short Blades   | 1 2 |  2.5
Long Blades    | 1 2 |  2.5
Maces & Flails | 1 2 |  2.5
Polearms       | 1 2 |  2.5
Staves         | 1 2 |  2.5
Ranged Weapons | 1 2 |  2.5
Throwing       | 1 2 |  2.5
Armour         | 1 2 |  2.5
Dodging        | 1 2 |  2.5
Stealth        | 1 2 |  2.5
Shields        | 1 2 |  2.5
Unarmed Combat | 1 2 |  2.5
Evocations     | 1 2 |  2.5
Shapeshifting  | 1 2 |  2.2
Spellcasting   | 3 |  3.8
Conjurations   | 1 2 |  2.0
Hexes          | 1 2 |  2.0
Summonings     | 1 2 |  2.0
Necromancy     | 1 2 |  2.0
Translocations | 1 2 |  2.0
Ice Magic      | 1 2 |  2.0
Air Magic      | 1 2 |  2.0
Earth Magic    | 1 2 |  2.0
Alchemy        | 1 2 |  2.0
Fighting       | 7 |  7.0
Axes           | 7 |  7.0
Fire Magic     | |  5.8

Action                     |  1- 3 |  4- 6 |  7- 9 || total
---------------------------+-------+-------+-------++-------
  Melee: Hand axe          |    76 |   267 |    38 ||   381
         Bite              |     6 |    21 |     3 ||    30
         Punch             |     1 |     2 |     1 ||     4
  Throw: Dart              |       |     3 |     4 ||     7
         Boomerang         |       |     6 |       ||     6
         Stone             |       |     5 |       ||     5
    Use: Scroll            |       |     6 |       ||     6
         Potion            |       |       |     3 ||     3
 Armour: Robe              |    12 |       |       ||    12
         Ring mail         |    27 |   198 |    37 ||   262
  Dodge: Dodged            |    34 |   150 |    16 ||   200
  Block: Other             |       |     6 |     6 ||    12
